[Event ""]
[Site "FICS"]
[Date "2025-03-16"]
[Round "3"]
[White "SirCMP"]
[Black "xombie"]
[Result "1-0"]
[WhiteElo "1894"]
[BlackElo "1966"]
[TimeControl "2700+45"]
[Time "18:41:20"]
[PlyCount "64"]

1. d4 Nf6
2. e3 e6
3. Bd3 b6
4. Nd2 Bb7
5. Ngf3 c5
6. c3 cxd4
7. exd4 d6
8. O-O Be7
9. h3 Nbd7
10. Re1 O-O
11. Nf1 a6
12. a4 Re8
13. Bg5 h6
14. Bd2 Qc7
15. Ng3 Nf8
16. Re3 Ra7
17. c4 Qb8
18. b4 Qa8
19. a5 bxa5
20. Rxa5 Bd8
21. Ra2 Bb6
22. Qa1 Bc7
23. d5 exd5
24. Nf5 Ne6
25. Nxh6+ Kf8
26. Bc3 Ne4
27. Bxe4 dxe4
28. Nf5 exf3
29. Bxg7+ Kg8
30. Qf6 Qc8
31. Qh6 f6
32. Qg6 1-0